AoeStats
← VIT Liereyy

Arabian Desert

508625490Analyzed
1v1 RM · 10d ago on Sep 23, 2026· 28m 14s· 2 players
Game mode
Random Map
Map size
Tiny (2 player)
Population
200
Speed
Normal
Resources
Standard
Victory
Conquest
Starting age
Dark Age
Ending age
Imperial Age
RankedLock teamsTeams togetherTeam positionsShared explorationLock speedFull tech treeHidden civsTurbo modeCheats
Victory
Defeat
🇦🇹 Varangians · Austria
2910
+7
🇻🇳 Khmer · Vietnam
2691
-7
VIT Liereyy
6:13 Loom
9:17 Feudal Age
9:44 Double-Bit Axe
11:36 Horse Collar
14:54 Bloodlines
18:18 Wheelbarrow
18:13 Forging
22:47 Castle Age
22:48 Light Cavalry
26:40 Husbandry
Thành Cổ Quảng Trị
6:14 Loom
8:24 Feudal Age
9:00 Double-Bit Axe
9:52 Horse Collar
18:58 Forging
20:28 Bloodlines
20:29 Scale Barding Armor
23:33 Wheelbarrow
26:04 Castle Age
26:15 Light Cavalry
26:57 Husbandry
Connection lost

Rejoining the realm…

Still unreachable

The connection could not be restored.

Session expired

The server has moved on; the page needs a fresh start.